[Event "Bundesliga"]
[Site "Remagen"]
[Date "2009.03.28"]
[Round "13.6"]
[White "Swinkels"]
[Black "Kindermann"]
[Result "1-0"]
[ECO "C41"]
[WhiteElo "2549"]
[BlackElo "2517"]
[PlyCount "127"]
[EventDate "2009.??.??"]
[WhiteTeam "REM"]
[BlackTeam "TGS"]
[TimeControl "40/7200:20/3600:1800"]

1. e4 e5 2. Nf3 d6 3. d4 exd4 4. Nxd4 Nf6 5. Nc3 Be7 6. g3 Nc6 7. Bg2 O-O 8.
O-O Bg4 9. f3 Nxd4 10. Qxd4 Be6 11. f4 Qc8 12. Be3 Bh3 13. Rad1 Bxg2 14. Kxg2
Ng4 15. Nd5 Nxe3+ 16. Qxe3 Re8 17. f5 Qd8 18. f6 Bxf6 19. Nxf6+ gxf6 20. Rf4
Re6 21. Rd5 Qf8 22. Qf3 Kh8 23. Rh5 Re5 24. Rxf6 Rxh5 25. Qxh5 Qe7 26. Qf5 Kg7
27. Qg5+ Kh8 28. Qf5 Kg7 29. Qg5+ Kh8 30. Qf4 Kg7 31. Qh6+ Kh8 32. Qf4 Kg7 33.
Qh6+ Kh8 34. Rf4 Rg8 35. Qh5 f6 36. Qf5 Rf8 37. Rh4 c6 38. c4 Rf7 39. b3 Qd7
40. Rh5 Qxf5 41. Rxf5 Kg7 42. Kf3 Re7 43. g4 Re5 44. Kf4 Kg6 45. h4 Re8 46. b4
a6 47. Ra5 Re7 48. a4 Re8 49. b5 Rc8 50. bxa6 b6 51. Rf5 Ra8 52. g5 fxg5+ 53.
hxg5 Rxa6 54. Rf6+ Kg7 55. Rxd6 c5 56. Kf5 Rxa4 57. Rd7+ Kf8 58. Kf6 Ke8 59.
Rxh7 Rxc4 60. Re7+ Kd8 61. g6 Rc1 62. g7 Rf1+ 63. Ke6 Rg1 64. Ra7 1-0

[Event "Bundesliga"]
[Site "Remagen"]
[Date "2009.03.28"]
[Round "13.4"]
[White "Mainka"]
[Black "Bischoff"]
[Result "1/2-1/2"]
[ECO "B30"]
[WhiteElo "2480"]
[BlackElo "2545"]
[PlyCount "121"]
[EventDate "2009.??.??"]
[WhiteTeam "REM"]
[BlackTeam "TGS"]
[TimeControl "40/7200:20/3600:1800"]

1. e4 c5 2. Nf3 e6 3. Nc3 Nc6 4. Bb5 Nge7 5. O-O a6 6. Bxc6 Nxc6 7. d4 cxd4 8.
Nxd4 Qc7 9. Re1 Nxd4 10. Qxd4 f6 11. e5 f5 12. Qh4 b5 13. Bg5 Bb7 14. Rad1 Bc5
15. Qh5+ g6 16. Qh3 O-O 17. a3 Rf7 18. Rd2 Rc8 19. Kh1 Bf8 20. Bh6 Be7 21. f4
Bc6 22. Ne2 Qb7 23. Nd4 Bd5 24. Qg3 Bf8 25. Bxf8 Rcxf8 26. h3 Rg7 27. Qh4 a5
28. Kh2 b4 29. axb4 axb4 30. Re3 Qb6 31. Qf2 Qc5 32. Rg3 Qe7 33. Nb5 g5 34.
fxg5 Rxg5 35. Qf4 h6 36. Nd6 Qg7 37. Rdd3 Kh7 38. h4 Rg4 39. Rxg4 fxg4 40. Qg3
h5 41. Rd2 Kg8 42. Qe3 Kh7 43. Kg3 Qh6 44. Qd3+ Kg8 45. Qd4 Be4 46. Rf2 Rxf2
47. Qxf2 Bg6 48. Qf4 Qg7 49. c4 bxc3 50. bxc3 Kh7 51. c4 Qh8 52. Nf7 Qg7 53.
Ng5+ Kg8 54. Qd4 Qe7 55. c5 Bf5 56. Kf4 Qe8 57. Kg3 Qb8 58. Qe3 Qb4 59. Kh2 Kf8
60. Kg3 Ke8 61. Kh2 1/2-1/2

[Event "Bundesliga"]
[Site "Remagen"]
[Date "2009.03.28"]
[Round "13.2"]
[White "Dgebuadze"]
[Black "Sokolov"]
[Result "1/2-1/2"]
[ECO "B46"]
[WhiteElo "2562"]
[BlackElo "2561"]
[PlyCount "26"]
[EventDate "2009.??.??"]
[WhiteTeam "REM"]
[BlackTeam "TGS"]
[TimeControl "40/7200:20/3600:1800"]

1. e4 c5 2. Nf3 e6 3. d4 cxd4 4. Nxd4 Nc6 5. Nc3 a6 6. Be3 Nf6 7. Bd3 Ne5 8. f4
Nxd3+ 9. Qxd3 d6 10. O-O-O Be7 11. Rhg1 Ng4 12. Qe2 Nxe3 13. Qxe3 Bd7 1/2-1/2

[Event "Bundesliga"]
[Site "Muelheim"]
[Date "2009.03.28"]
[Round "13.8"]
[White "Thesing"]
[Black "Seifert, D."]
[Result "1-0"]
[ECO "C01"]
[WhiteElo "2403"]
[BlackElo "2133"]
[PlyCount "47"]
[EventDate "2009.??.??"]
[WhiteTeam "KAT"]
[BlackTeam "DRE"]
[TimeControl "40/7200:20/3600:1800"]

1. e4 e6 2. d4 d5 3. exd5 exd5 4. Nf3 Bd6 5. c4 c6 6. Nc3 Nf6 7. Bd3 O-O 8. O-O
Nbd7 9. h3 h6 10. Qc2 Re8 11. c5 Bc7 12. Bd2 Nf8 13. Rae1 Rxe1 14. Rxe1 Ne6 15.
Qc1 Qf8 16. b4 Bd7 17. Be3 Be8 18. Nh4 Nh5 19. Ne2 g5 20. Nf5 Nhf4 21. Bb1
Nxe2+ 22. Rxe2 Nf4 23. Bxf4 Bxf4 24. Qc2 1-0

[Event "Bundesliga"]
[Site "Muelheim"]
[Date "2009.03.28"]
[Round "13.6"]
[White "Senff"]
[Black "Loxine"]
[Result "1/2-1/2"]
[ECO "B30"]
[WhiteElo "2468"]
[BlackElo "2338"]
[PlyCount "105"]
[EventDate "2009.??.??"]
[WhiteTeam "KAT"]
[BlackTeam "DRE"]
[TimeControl "40/7200:20/3600:1800"]

1. e4 c5 2. Nf3 Nc6 3. Bb5 e6 4. O-O Nge7 5. c3 a6 6. Ba4 b5 7. Bc2 Bb7 8. Qe2
d5 9. a4 b4 10. d4 cxd4 11. cxd4 b3 12. Bxb3 dxe4 13. Qxe4 Na5 14. Qd3 Nd5 15.
Bd2 Nxb3 16. Qxb3 Rb8 17. Ne5 Bd6 18. Qh3 O-O 19. Nc3 Nxc3 20. Bxc3 Bd5 21.
Rfe1 f5 22. Qd3 Qc8 23. f3 Bxe5 24. Rxe5 Rb3 25. a5 Qc6 26. Rae1 Rb7 27. Qe3
Rf6 28. Rc1 Qd7 29. Qd3 Qb5 30. Qxb5 Rxb5 31. b4 Rf7 32. Bd2 Rd7 33. Kf2 Kf7
34. h4 Rbb7 35. Rc5 Rbc7 36. Bc3 Rxc5 37. dxc5 Bc6 38. Re2 Rd5 39. Ke3 Bb5 40.
Rd2 Rxd2 41. Kxd2 e5 42. Bxe5 g6 43. h5 Ke6 44. Bc3 f4 45. Bg7 gxh5 46. Bh6 Kf5
47. Bf8 h4 48. Be7 h3 49. gxh3 Bc6 50. Ke2 h5 51. Bd6 Bb5+ 52. Kf2 Bc6 53. Ke2
1/2-1/2

[Event "Bundesliga"]
[Site "Muelheim"]
[Date "2009.03.28"]
[Round "13.4"]
[White "Glek"]
[Black "Hoffmann"]
[Result "1-0"]
[ECO "B01"]
[WhiteElo "2512"]
[BlackElo "2338"]
[PlyCount "57"]
[EventDate "2009.??.??"]
[WhiteTeam "KAT"]
[BlackTeam "DRE"]
[TimeControl "40/7200:20/3600:1800"]

1. e4 d5 2. exd5 Qxd5 3. Nc3 Qa5 4. d4 Nf6 5. Nf3 c6 6. Bd2 Bf5 7. Ne4 Qb6 8.
Nxf6+ gxf6 9. Bc4 Bg6 10. O-O e6 11. Re1 Bg7 12. Nh4 O-O 13. Nxg6 hxg6 14. Rxe6
Na6 15. Rd6 Rae8 16. c3 Nb8 17. b4 Qc7 18. Bf4 Qc8 19. Qd3 Qg4 20. Bd2 Re7 21.
h3 Qh5 22. g4 Qh4 23. Kg2 Nd7 24. Re1 Rxe1 25. Bxe1 Nb6 26. Bb3 Kh8 27. Qe3 Bh6
28. f4 Bxf4 29. Qxf4 1-0

[Event "Bundesliga"]
[Site "Muelheim"]
[Date "2009.03.28"]
[Round "13.2"]
[White "Halkias"]
[Black "Gauglitz"]
[Result "1-0"]
[ECO "A16"]
[WhiteElo "2584"]
[BlackElo "2397"]
[PlyCount "87"]
[EventDate "2009.??.??"]
[WhiteTeam "KAT"]
[BlackTeam "DRE"]
[TimeControl "40/7200:20/3600:1800"]

1. Nf3 Nf6 2. c4 g6 3. Nc3 d5 4. cxd5 Nxd5 5. h4 Nxc3 6. bxc3 h6 7. e4 Bg7 8.
d4 c5 9. Rb1 cxd4 10. cxd4 O-O 11. Be2 Qa5+ 12. Bd2 Qxa2 13. O-O Nc6 14. d5 Na5
15. Bb4 Bd7 16. Qd2 Qxd2 17. Nxd2 b6 18. Bxe7 Rfe8 19. Bb4 Nb7 20. Rfc1 Be5 21.
Ba6 Rab8 22. Nc4 Bf4 23. Re1 Nc5 24. Bxc5 bxc5 25. g3 Rxb1 26. Rxb1 Rb8 27. Rd1
Bc7 28. d6 Bd8 29. Ne5 Ba4 30. Ra1 Bf6 31. Rxa4 Bxe5 32. d7 Bc7 33. Bc8 a5 34.
Rc4 Rb5 35. Kg2 Bb6 36. Ba6 Rb2 37. e5 Rd2 38. Bb5 Kf8 39. Rf4 Ke7 40. Bc4 Kxd7
41. Rxf7+ Kd8 42. e6 Rd4 43. e7+ Ke8 44. Bb5+ 1-0

[Event "Bundesliga"]
[Site "Bremen"]
[Date "2009.03.28"]
[Round "13.7"]
[White "Beikert"]
[Black "Bellon Lopez"]
[Result "1/2-1/2"]
[ECO "D45"]
[WhiteElo "2470"]
[BlackElo "2440"]
[PlyCount "115"]
[EventDate "2009.??.??"]
[WhiteTeam "HSK"]
[BlackTeam "EMS"]
[TimeControl "40/7200:20/3600:1800"]

1. d4 d5 2. c4 c6 3. Nc3 Nf6 4. Nf3 e6 5. e3 a6 6. c5 b6 7. cxb6 Nbd7 8. Bd3 c5
9. O-O Bb7 10. Qe2 Qxb6 11. b3 cxd4 12. exd4 Bd6 13. Bb2 O-O 14. Rac1 Rfc8 15.
Ne5 Qa7 16. Rfe1 Nf8 17. a3 Bxe5 18. Qxe5 Bc6 19. Qe2 Rc7 20. Rc2 Qb6 21. b4
Ne8 22. Rec1 Bd7 23. Nb1 Rxc2 24. Qxc2 Rc8 25. Qe2 Rxc1+ 26. Bxc1 Bb5 27. Nd2
Qxd4 28. Bxb5 axb5 29. Qxb5 Nd6 30. Qf1 Qc3 31. Nb1 Qb3 32. Bf4 Nc4 33. Qc1 Ng6
34. Be3 Nge5 35. h3 Nd3 36. Qf1 Nxe3 37. fxe3 Ne5 38. Qc1 Nc4 39. Kh2 f5 40. e4
fxe4 41. Qg5 Qxb1 42. Qd8+ Kf7 43. Qc7+ Kg6 44. Qg3+ Kf5 45. Qg4+ Ke5 46. Qxg7+
Kd6 47. Qf8+ Kc6 48. Qc8+ Kd6 49. Qf8+ Kd7 50. Qf7+ Kc6 51. Qe8+ Kb7 52. Qd7+
Ka6 53. Qc8+ Kb5 54. Qe8+ Ka6 55. Qa8+ Kb6 56. Qb8+ Kc6 57. Qc8+ Kd6 58. Qf8+
1/2-1/2

[Event "Bundesliga"]
[Site "Bremen"]
[Date "2009.03.28"]
[Round "13.5"]
[White "Müller"]
[Black "Spoelman"]
[Result "1/2-1/2"]
[ECO "B90"]
[WhiteElo "2517"]
[BlackElo "2459"]
[PlyCount "137"]
[EventDate "2009.??.??"]
[WhiteTeam "HSK"]
[BlackTeam "EMS"]
[TimeControl "40/7200:20/3600:1800"]

1. e4 c5 2. Nf3 d6 3. d4 cxd4 4. Nxd4 Nf6 5. Nc3 a6 6. Be3 e5 7. Nf3 Be7 8. Bc4
O-O 9. O-O Nc6 10. Re1 b5 11. Bf1 Bb7 12. a4 b4 13. Nd5 Nxd5 14. exd5 Nb8 15.
a5 Nd7 16. Bc4 Rc8 17. Qe2 Nf6 18. Red1 Qc7 19. Bb3 Qb8 20. Ra4 Qa8 21. Rxb4
Bxd5 22. Rb6 Bb7 23. Bg5 Rfd8 24. Bxf6 Bxf6 25. Rbxd6 e4 26. Ne1 Rxd6 27. Rxd6
Rd8 28. Rxd8+ Qxd8 29. Qc4 Qd7 30. c3 h6 31. Nc2 Qd1+ 32. Qf1 Qd2 33. Qe1 Qxe1+
34. Nxe1 Bg5 35. Kf1 Bc1 36. Ke2 Bxb2 37. Kd2 Ba3 38. Nc2 Bc5 39. Ne3 Kf8 40.
Ke2 Bc8 41. Bc4 Bd6 42. Nd5 f5 43. Nb4 Be5 44. Kd2 Bf4+ 45. Ke2 Be5 46. Kd2 Bc7
47. Bxa6 Bd7 48. Nd5 Bxa5 49. Bc4 g5 50. Ke3 Be6 51. Kd4 Kf7 52. Ke5 h5 53. h3
Bd8 54. Ba2 g4 55. hxg4 hxg4 56. c4 Ba5 57. c5 g3 58. fxg3 Be1 59. g4 Bg3+ 60.
Kd4 Bf2+ 61. Ke5 Bg3+ 62. Kd4 Bf2+ 63. Ke5 e3 64. Bc4 fxg4 65. c6 Bg3+ 66. Ke4
Bxd5+ 67. Bxd5+ Ke7 68. Kxe3 Bd6 69. Ke4 1/2-1/2

[Event "Bundesliga"]
[Site "Bremen"]
[Date "2009.03.28"]
[Round "13.3"]
[White "Wojtaszek"]
[Black "Cramling"]
[Result "1-0"]
[ECO "D17"]
[WhiteElo "2599"]
[BlackElo "2550"]
[PlyCount "86"]
[EventDate "2009.??.??"]
[WhiteTeam "HSK"]
[BlackTeam "EMS"]
[TimeControl "40/7200:20/3600:1800"]

1. d4 d5 2. c4 c6 3. Nf3 Nf6 4. Nc3 dxc4 5. a4 Bf5 6. Ne5 Nbd7 7. Nxc4 Qc7 8.
Qd2 Rd8 9. Qf4 Qxf4 10. Bxf4 Nb6 11. Nxb6 axb6 12. e3 Ra8 13. f3 e6 14. e4 Bg6
15. Kf2 Bb4 16. Bc4 O-O 17. Rhd1 Rfe8 18. Be3 h6 19. Ne2 Bh7 20. g4 Ra5 21. Bb3
Rea8 22. Rac1 b5 23. axb5 Rxb5 24. Ra1 Rxa1 25. Rxa1 Ra5 26. Rc1 Be7 27. Nc3
Kf8 28. h4 Nd7 29. h5 Ke8 30. f4 Bb4 31. Kf3 Nf6 32. f5 exf5 33. exf5 Ke7 34.
d5 Nd7 35. Bf4 f6 36. Re1+ Kd8 37. d6 Ne5+ 38. Bxe5 fxe5 39. Be6 b6 40. Rd1 Ra8
41. Ne4 Ke8 42. g5 Kf8 43. gxh6 Ke8 1-0

[Event "Bundesliga"]
[Site "Bremen"]
[Date "2009.03.28"]
[Round "13.1"]
[White "Gustafsson"]
[Black "Hector"]
[Result "1-0"]
[ECO "D10"]
[WhiteElo "2634"]
[BlackElo "2551"]
[PlyCount "155"]
[EventDate "2009.??.??"]
[WhiteTeam "HSK"]
[BlackTeam "EMS"]
[TimeControl "40/7200:20/3600:1800"]

1. d4 d5 2. c4 c6 3. e3 Bf5 4. Qb3 Qc7 5. cxd5 cxd5 6. Bb5+ Bd7 7. Nc3 e6 8.
Nf3 Nf6 9. Bd2 Nc6 10. O-O Bd6 11. Rac1 Rb8 12. Bd3 a6 13. e4 dxe4 14. Nxe4
Nxe4 15. Bxe4 Bf4 16. Qa3 Bxd2 17. Nxd2 Qd8 18. Nc4 Qe7 19. Nd6+ Kf8 20. d5 Nd4
21. dxe6 Bxe6 22. Rfe1 Rd8 23. Nxb7 Qxa3 24. bxa3 Rb8 25. Nc5 Ke7 26. Bd3 Rhc8
27. Bxa6 Rc6 28. Nxe6 Rxc1 29. Rxc1 fxe6 30. Bd3 Rb2 31. Bc4 Ne2+ 32. Bxe2 Rxe2
33. Ra1 Rc2 34. Kf1 e5 35. a4 Rc4 36. a5 Ra4 37. a6 Ke6 38. Ke2 Ra3 39. a7 Kd5
40. a8=Q+ Rxa8 41. a4 Ra5 42. Kd3 Kc5 43. f3 g6 44. Ra2 Kb6 45. Rb2+ Kc6 46.
Ra2 Kb6 47. Ke4 Kc6 48. Rc2+ Kd6 49. Rc4 Rd5 50. Ke3 Rd1 51. Rb4 Ra1 52. Kd3
Ra2 53. Rg4 Kc5 54. h4 Ra3+ 55. Kc2 Ra2+ 56. Kc3 h5 57. Rxg6 Rxa4 58. Rg5 Rxh4
59. Rxe5+ Kd6 60. Rg5 Ke6 61. Kd3 Kf6 62. Rg8 Kf7 63. Rg3 Rh2 64. Ke3 h4 65.
Rg5 h3 66. g4 Rg2 67. Rh5 h2 68. Kf4 Kg6 69. Rh3 Kf6 70. Rh6+ Kg7 71. g5 Kf7
72. Kf5 Kg7 73. f4 Kf7 74. Ke4 Kg7 75. Kf3 Ra2 76. Kg3 Ra3+ 77. Kxh2 Rf3 78.
Rf6 1-0

[Event "Bundesliga"]
[Site "Baden-Baden"]
[Date "2009.03.28"]
[Round "14.8"]
[White "Guliyev"]
[Black "Thiel"]
[Result "1/2-1/2"]
[ECO "B45"]
[WhiteElo "2521"]
[BlackElo "2286"]
[PlyCount "26"]
[EventDate "2009.??.??"]
[WhiteTeam "EPP"]
[BlackTeam "WAT"]
[TimeControl "40/7200:20/3600:1800"]

1. e4 c5 2. Nf3 e6 3. d4 cxd4 4. Nxd4 Nf6 5. Nc3 Nc6 6. Ndb5 Bc5 7. Bf4 O-O 8.
Bd6 Qb6 9. Bxc5 Qxc5 10. Qd6 Qb6 11. Qc7 Qc5 12. Qd6 Qb6 13. Qd1 Qd8 1/2-1/2

[Event "Bundesliga"]
[Site "Baden-Baden"]
[Date "2009.03.28"]
[Round "14.6"]
[White "Acs"]
[Black "Tereick"]
[Result "1-0"]
[ECO "E14"]
[WhiteElo "2542"]
[BlackElo "2356"]
[PlyCount "99"]
[EventDate "2009.??.??"]
[WhiteTeam "EPP"]
[BlackTeam "WAT"]
[TimeControl "40/7200:20/3600:1800"]

1. d4 e6 2. c4 Bb4+ 3. Nd2 b6 4. Ngf3 Bb7 5. e3 Nf6 6. Bd3 O-O 7. O-O d5 8. a3
Bd6 9. b4 c5 10. cxd5 exd5 11. bxc5 bxc5 12. dxc5 Bxc5 13. Rb1 Bb6 14. Nb3 Ne4
15. Bb2 Nc6 16. Nbd4 Nxd4 17. Nxd4 Qg5 18. Nf3 Qe7 19. Nd4 Qg5 20. Qe1 Nc5 21.
Bb5 Ba6 22. Nf3 Qe7 23. Qc3 f6 24. a4 Bxb5 25. axb5 Na4 26. Qb3 Nxb2 27. Qxd5+
Qf7 28. Qxf7+ Kxf7 29. Rxb2 Rfd8 30. Rfb1 Rac8 31. Kf1 Rc4 32. Ra2 Rd7 33. Ke2
Ke6 34. Nd2 Rc3 35. Rb4 f5 36. h4 Rdc7 37. Rbb2 g6 38. g3 h6 39. Nf3 Kf6 40.
Rd2 Re7 41. Rac2 Rxc2 42. Rxc2 Re6 43. Kd3 g5 44. Rc8 Rd6+ 45. Kc4 Bd8 46. h5
Bb6 47. Rf8+ Ke6 48. Nd4+ Bxd4 49. exd4 a6 50. d5+ 1-0

[Event "Bundesliga"]
[Site "Baden-Baden"]
[Date "2009.03.28"]
[Round "14.4"]
[White "Gyimesi"]
[Black "Appel"]
[Result "1/2-1/2"]
[ECO "D93"]
[WhiteElo "2592"]
[BlackElo "2541"]
[PlyCount "99"]
[EventDate "2009.??.??"]
[WhiteTeam "EPP"]
[BlackTeam "WAT"]
[TimeControl "40/7200:20/3600:1800"]

1. d4 Nf6 2. c4 c6 3. Nc3 d5 4. Nf3 g6 5. Bf4 Bg7 6. e3 O-O 7. h3 Be6 8. Qb3
Qc8 9. Rc1 Nbd7 10. Bh2 h6 11. Be2 a5 12. O-O dxc4 13. Bxc4 a4 14. Qb4 c5 15.
Qb5 Bxc4 16. Qxc4 cxd4 17. Qxd4 Qc5 18. Rfd1 Rfc8 19. a3 Qa5 20. Ne5 Nb6 21.
Qd3 Rc5 22. f4 Rac8 23. Bg3 Nc4 24. Nxc4 Rxc4 25. Be1 Qa6 26. Rb1 Qb6 27. Bf2
Qb3 28. Be1 Qb6 29. Bf2 Qc6 30. Rd2 b5 31. Re1 Ne4 32. Nxe4 Rxe4 33. Ree2 e5
34. Bg3 exf4 35. Bxf4 Rc4 36. Kh2 h5 37. Qd5 b4 38. axb4 Qxd5 39. Rxd5 Rxb4 40.
Be5 Bxe5+ 41. Rxe5 Rc7 42. Rd2 Rcb7 43. Ra5 Rc4 44. Kg3 Kg7 45. Kf3 Rcb4 46. g4
hxg4+ 47. hxg4 R7b6 48. g5 Rxb2 49. Rxb2 Rxb2 50. Rxa4 1/2-1/2

[Event "Bundesliga"]
[Site "Baden-Baden"]
[Date "2009.03.28"]
[Round "14.2"]
[White "Berkes"]
[Black "Rustemov"]
[Result "1-0"]
[ECO "D00"]
[WhiteElo "2645"]
[BlackElo "2520"]
[PlyCount "55"]
[EventDate "2009.??.??"]
[WhiteTeam "EPP"]
[BlackTeam "WAT"]
[TimeControl "40/7200:20/3600:1800"]

1. d4 d5 2. Bf4 Nf6 3. e3 c5 4. c3 Nc6 5. Nd2 Qb6 6. Qb3 c4 7. Qc2 Bg4 8. Be2
Bxe2 9. Nxe2 e6 10. O-O Be7 11. Ng3 O-O 12. e4 Nxe4 13. Ngxe4 dxe4 14. Nxe4 Qb5
15. Rfe1 Qd5 16. Re3 b5 17. Rae1 Rae8 18. Qe2 a5 19. a3 a4 20. Qf3 Rd8 21. Qh3
Rfe8 22. Rg3 f6 23. Qh6 Bf8 24. Nxf6+ Kf7 25. Qh4 Be7 26. Rxg7+ Kxg7 27. Qh6+
Kf7 28. Nxd5 1-0

[Event "Bundesliga"]
[Site "Bremen"]
[Date "2009.03.28"]
[Round "13.6"]
[White "Giri"]
[Black "Heinemann"]
[Result "1/2-1/2"]
[ECO "E15"]
[WhiteElo "2466"]
[BlackElo "2490"]
[PlyCount "101"]
[EventDate "2009.??.??"]
[WhiteTeam "EMS"]
[BlackTeam "HSK"]
[TimeControl "40/7200:20/3600:1800"]

1. d4 Nf6 2. c4 e6 3. Nf3 b6 4. g3 Ba6 5. Qb3 Nc6 6. Nbd2 Na5 7. Qc3 c5 8. dxc5
bxc5 9. e4 Bb7 10. e5 Ne4 11. Nxe4 Bxe4 12. Bg2 Rb8 13. O-O Be7 14. Re1 Bg6 15.
Nh4 Qc7 16. Nxg6 hxg6 17. b3 Nc6 18. Bb2 Nb4 19. Qd2 O-O 20. h4 Rfd8 21. Qe2
Nc6 22. h5 gxh5 23. Bxc6 Qxc6 24. Qxh5 g6 25. Qh6 Bf8 26. Qh4 Bg7 27. Rad1 d6
28. Rd2 Rd7 29. Red1 Rbd8 30. exd6 Bxb2 31. Rxb2 Kg7 32. Re2 Qf3 33. Qe4 Qxe4
34. Rxe4 Rxd6 35. Rxd6 Rxd6 36. Re5 Rc6 37. f3 Kf6 38. f4 Ke7 39. Kf2 a5 40.
Kf3 Rc8 41. g4 f5 42. Kg3 Kd6 43. Kh4 Rh8+ 44. Kg5 fxg4 45. Kxg4 Rh2 46. Kg5
Rh5+ 47. Kf6 Rf5+ 48. Rxf5 gxf5 49. a3 Kd7 50. Kf7 Kd6 51. Kf6 1/2-1/2

[Event "Bundesliga"]
[Site "Bremen"]
[Date "2009.03.28"]
[Round "13.4"]
[White "Janssen"]
[Black "Ftacnik"]
[Result "1/2-1/2"]
[ECO "A30"]
[WhiteElo "2524"]
[BlackElo "2571"]
[PlyCount "81"]
[EventDate "2009.??.??"]
[WhiteTeam "EMS"]
[BlackTeam "HSK"]
[TimeControl "40/7200:20/3600:1800"]

1. Nf3 Nf6 2. c4 c5 3. Nc3 e6 4. g3 b6 5. Bg2 Bb7 6. O-O Be7 7. d4 cxd4 8. Qxd4
d6 9. b3 O-O 10. Rd1 Nbd7 11. e4 Qc8 12. Bb2 a6 13. h3 Rd8 14. Nh2 Qc7 15. Ng4
Ne8 16. Rac1 h5 17. Ne3 Nc5 18. Qd2 h4 19. b4 Nd7 20. gxh4 Bxh4 21. f4 d5 22.
exd5 Qxf4 23. dxe6 Ne5 24. exf7+ Qxf7 25. Ncd5 Nf3+ 26. Bxf3 Qxf3 27. Qg2 Qxg2+
28. Nxg2 Bg5 29. Rc3 Rac8 30. Rg3 Bxd5 31. cxd5 Bf6 32. Bxf6 Nxf6 33. Rgd3 Rc2
34. a3 Ne4 35. Re1 Rc3 36. Rde3 Rxe3 37. Nxe3 Nc3 38. Kh2 Rd7 39. Kg3 Re7 40.
Kf2 Re5 41. Rc1 1/2-1/2

[Event "Bundesliga"]
[Site "Bremen"]
[Date "2009.03.28"]
[Round "13.2"]
[White "Feygin"]
[Black "Baramidze"]
[Result "1/2-1/2"]
[ECO "C45"]
[WhiteElo "2569"]
[BlackElo "2557"]
[PlyCount "133"]
[EventDate "2009.??.??"]
[WhiteTeam "EMS"]
[BlackTeam "HSK"]
[TimeControl "40/7200:20/3600:1800"]

1. e4 e5 2. Nf3 Nc6 3. d4 exd4 4. Nxd4 Bb4+ 5. c3 Bc5 6. Nxc6 bxc6 7. Bd3 d6 8.
O-O Ne7 9. Bg5 h6 10. Bd2 O-O 11. a4 a6 12. Na3 f5 13. Nc2 f4 14. Nd4 Kh8 15.
Kh1 Ng6 16. b4 Bxd4 17. cxd4 Qf6 18. Rc1 f3 19. Qxf3 Qxf3 20. gxf3 Rxf3 21. Be2
Ra3 22. Ra1 Rb3 23. Rfb1 Rh3 24. Rg1 Ne7 25. f3 Bd7 26. Rg3 Rh4 27. Rag1 g5 28.
f4 d5 29. fxg5 dxe4 30. gxh6 Nf5 31. Bg5 Nxg3+ 32. Rxg3 Rh3 33. Bf6+ Kh7 34.
Rg7+ Kxh6 35. Rxd7 Rb3 36. h4 Rg8 37. Bg5+ Rxg5 38. hxg5+ Kxg5 39. d5 cxd5 40.
Rxd5+ Kf4 41. Bxa6 Rxb4 42. a5 Ra4 43. Rc5 Kg3 44. Rg5+ Kf4 45. Rc5 Kg3 46. Bf1
Ra1 47. Kg1 e3 48. Rc3 Kf3 49. a6 c5 50. Rc2 c4 51. Rg2 Kf4 52. Rc2 Kf3 53. Rh2
Kg3 54. Rh3+ Kf4 55. Rh4+ Kf3 56. Rh2 Kg3 57. a7 c3 58. Rg2+ Kf3 59. Rc2 Rxa7
60. Be2+ Kg3 61. Rxc3 Ra1+ 62. Bf1 Re1 63. Ra3 Kf3 64. Rb3 Kg3 65. Rb2 e2 66.
Rxe2 Rxe2 67. Bxe2 1/2-1/2

[Event "Bundesliga"]
[Site "Muelheim"]
[Date "2009.03.28"]
[Round "13.7"]
[White "Wegener"]
[Black "Souleidis"]
[Result "0-1"]
[ECO "B33"]
[WhiteElo "2353"]
[BlackElo "2440"]
[PlyCount "84"]
[EventDate "2009.??.??"]
[WhiteTeam "DRE"]
[BlackTeam "KAT"]
[TimeControl "40/7200:20/3600:1800"]

1. e4 c5 2. Nf3 Nc6 3. d4 cxd4 4. Nxd4 Qb6 5. Nb3 Nf6 6. Nc3 e6 7. Bd3 a6 8.
O-O d6 9. Be3 Qc7 10. f4 Be7 11. Qf3 O-O 12. Rae1 b5 13. Kh1 Bb7 14. Qh3 Nb4
15. Bd4 e5 16. fxe5 dxe5 17. Qg3 Nxd3 18. cxd3 Nd7 19. Be3 Qd8 20. Bh6 g6 21.
Bxf8 Bh4 22. Qf3 Qxf8 23. Re2 Re8 24. Qe3 Qd6 25. Qh3 Bd8 26. Nd1 Nf6 27. Ref2
Rf8 28. Ne3 Be7 29. Rc1 Re8 30. Na5 Ba8 31. Rc8 Bb7 32. Rc1 Ba8 33. Rc8 Rd8 34.
Nf1 Qb6 35. Rxf6 Qxf6 36. Ne3 Kg7 37. Rc1 Qb6 38. Nb3 Bg5 39. Nc5 b4 40. Rc2
Bxe4 41. dxe4 Bxe3 42. Nd7 Qd4 0-1

[Event "Bundesliga"]
[Site "Muelheim"]
[Date "2009.03.28"]
[Round "13.5"]
[White "Eichner"]
[Black "Seel"]
[Result "0-1"]
[ECO "A16"]
[WhiteElo "2326"]
[BlackElo "2494"]
[PlyCount "118"]
[EventDate "2009.??.??"]
[WhiteTeam "DRE"]
[BlackTeam "KAT"]
[TimeControl "40/7200:20/3600:1800"]

1. Nf3 Nf6 2. c4 g6 3. Nc3 d5 4. cxd5 Nxd5 5. e4 Nxc3 6. dxc3 Qxd1+ 7. Kxd1 Nd7
8. Bf4 Nc5 9. Bxc7 Nxe4 10. Ne5 Nd6 11. Nc4 Nxc4 12. Bxc4 Bd7 13. Bd5 Rc8 14.
Be5 f6 15. Bd4 Rd8 16. Ke1 b6 17. f4 Bh6 18. g3 Bb5 19. Bb3 e5 20. Be3 exf4 21.
gxf4 g5 22. Bd4 Rd6 23. fxg5 Bxg5 24. h4 Bf4 25. Kf2 Be5 26. Rhe1 Kd7 27. Bxe5
fxe5 28. Rxe5 Rf8+ 29. Ke3 Bc6 30. Rg1 Rf3+ 31. Ke2 Rdf6 32. Rg7+ Kd6 33. Re3
Rf2+ 34. Kd3 a5 35. Rg4 b5 36. Bg8 Rxb2 37. Bxh7 Bd5 38. Rg6 Rxg6 39. Bxg6 Bxa2
40. Kd4 Rh2 41. h5 Be6 42. Re5 Rh4+ 43. Re4 Rh1 44. Rf4 a4 45. Bf7 Bxf7 46.
Rxf7 Rxh5 47. Rf6+ Kc7 48. c4 b4 49. Ra6 a3 50. Ra4 Rh1 51. Kc5 b3 52. Ra7+ Kd8
53. Ra8+ Kd7 54. Ra7+ Ke6 55. Ra6+ Kf5 56. Rxa3 b2 57. Rb3 b1=Q 58. Rxb1 Rxb1
59. Kd6 Rd1+ 0-1

[Event "Bundesliga"]
[Site "Muelheim"]
[Date "2009.03.28"]
[Round "13.3"]
[White "Seifert, V."]
[Black "Chuchelov"]
[Result "0-1"]
[ECO "E38"]
[WhiteElo "2360"]
[BlackElo "2575"]
[PlyCount "66"]
[EventDate "2009.??.??"]
[WhiteTeam "DRE"]
[BlackTeam "KAT"]
[TimeControl "40/7200:20/3600:1800"]

1. d4 Nf6 2. c4 e6 3. Nc3 Bb4 4. Qc2 c5 5. dxc5 Qc7 6. Nf3 Bxc5 7. g3 a6 8. Bf4
d6 9. Bg2 h6 10. O-O e5 11. Bd2 Be6 12. Rac1 Nc6 13. b3 Rc8 14. Qb1 Ba3 15.
Rcd1 O-O 16. h3 Ne7 17. e4 Bd7 18. Ne1 Bc5 19. Kh2 b5 20. cxb5 axb5 21. b4 Bd4
22. Ne2 Bb6 23. Nc3 Qa7 24. f4 exf4 25. gxf4 Ng6 26. Nd3 Rfe8 27. Rde1 Bd4 28.
Nd5 Nxd5 29. exd5 Bf5 30. Qb3 Nh4 31. Bh1 Be3 32. Bxe3 Rxe3 33. Rxe3 Qxe3 0-1

[Event "Bundesliga"]
[Site "Muelheim"]
[Date "2009.03.28"]
[Round "13.1"]
[White "Maiwald"]
[Black "Postny"]
[Result "0-1"]
[ECO "A07"]
[WhiteElo "2508"]
[BlackElo "2674"]
[PlyCount "62"]
[EventDate "2009.??.??"]
[WhiteTeam "DRE"]
[BlackTeam "KAT"]
[TimeControl "40/7200:20/3600:1800"]

1. g3 d5 2. Bg2 c6 3. Nf3 Bg4 4. O-O Nd7 5. d3 e6 6. Nbd2 Bd6 7. e4 Ne7 8. Qe1
O-O 9. Kh1 Bc7 10. Nh4 dxe4 11. Nxe4 Nf5 12. Nf3 Bh5 13. Bg5 f6 14. Be3 Nxe3
15. fxe3 f5 16. Neg5 Qe7 17. Qc3 Kh8 18. Qb3 Nc5 19. Qc4 h6 20. d4 hxg5 21.
Qxc5 Qxc5 22. dxc5 g4 23. Nd4 Bf7 24. b4 g6 25. a4 e5 26. Nb3 Rad8 27. Rfd1
Bxb3 28. cxb3 e4 29. Kg1 Be5 30. Rab1 Bc3 31. b5 Bd2 0-1